 Dungeon Crawl Stone Soup version 0.19.4-9-g45fd643 (webtiles) character file.

104855 Gargoyl the Corrupter of Planes (level 16, -13/135 (137) HPs)
             Began as a Ghoul Abyssal Knight on Feb 16, 2017.
             Was the Champion of Lugonu.
             Killed from afar by a balrug (47 damage)
             ... with a bolt of fire
             ... summoned by Asterion
             ... on level 1 of the Spider Nest on Feb 18, 2017.
             The game lasted 01:23:48 (27772 turns).

Gargoyl the Corrupter of Planes (GhAK)             Turns: 27772, Time: 01:23:48

HP:   -13/135 (137) AC: 26    Str: 29    XL:     16   Next: 39%
MP:   25/25         EV:  9    Int:  7    God:    Lugonu [******]
Gold: 2341          SH: 20    Dex: 15    Spells: 0 memorised, 15 levels left

rFire  . . .     SeeInvis +     L - +2 broad axe (chop)
rCold  + . .     Gourm    .     S - +3 chain mail
rNeg   + + +     Faith    .     g - +0 large shield
rPois  ∞         Spirit   .     X - +1 helmet {SInv}
rElec  +         Reflect  .     l - +2 cloak
rCorr  .         Harm     .     q - +1 pair of gloves
MR     +....                    E - +0 pair of boots
Stlth  ..........               U - amulet of regeneration
                                k - ring "Giur" {Wiz rElec Dex+3}
                                a - +5 ring of strength

@: mighty, rotting
A: rotting body, claws 1, carnivore 3, cold resistance 1, negative energy
resistance 3, slow regeneration 1, torment resistance, unbreathing
a: Depart the Abyss, Bend Space, Banish, Corrupt, Enter the Abyss, Brand Weapon
With Distortion, Renounce Religion


You were on level 1 of the Spider Nest.
You worshipped Lugonu.
Lugonu was exalted by your worship.
You were not hungry.

You visited 5 branches of the dungeon, and saw 25 of its levels.
You visited the Abyss 1 time.
You also visited: Ice Cave.

You collected 2895 gold pieces.
You spent 554 gold pieces at shops.

Inventory:

Hand Weapons
 o - a +0 broad axe
 C - a +3 war axe of flaming
 L - a +2 broad axe of chopping (weapon)
Missiles
 h - 15 javelins (quivered)
Armour
 g - a +0 large shield (worn)
 l - a +2 cloak (worn)
 q - a +1 pair of gloves (worn)
 E - a +0 pair of boots (worn)
 S - a +3 chain mail (worn)
 X - a +1 helmet of see invisible (worn)
Jewellery
 a - a +5 ring of strength (left hand)
 k - the ring "Giur" (right hand) {Wiz rElec Dex+3}
   (You found it on level 10 of the Dungeon)

   [ring of wizardry]

   It improves your spell success rate.
   It affects your dexterity (+3).
   It insulates you from electricity.
 m - an uncursed ring of protection from cold
 F - an uncursed ring of protection from magic
 J - an uncursed ring of resist corrosion
 T - an uncursed ring of flight
 U - an amulet of regeneration (around neck)
Wands
 b - a wand of polymorph (4/24)
 w - a wand of iceblast (11/15)
Scrolls
 e - a scroll of magic mapping
 p - 3 scrolls of remove curse
 u - 9 scrolls of teleportation
 v - a scroll of blinking
 x - 3 scrolls of recharging
 y - 4 scrolls of fog
 Z - a scroll of fear
Potions
 d - 4 potions of flight
 j - 2 potions of haste
 z - a potion of magic
 A - 3 potions of agility
 B - a potion of brilliance
 V - 7 potions of curing
Books
 i - a book of Maledictions

   Spells                             Type                      Level
   a - Corona                         Hexes                        1
   b - Ensorcelled Hibernation        Hexes/Ice                    2
   c - Confuse                        Hexes                        3
   d - Tukima's Dance                 Hexes                        3
   e - Dazzling Spray                 Conjuration/Hexes            3
Comestibles
 c - 6 meat rations
 f - 2 beef jerkies


   Skills:
 + Level 11.1 Fighting
 + Level 13.1(13.3) Axes
   Level 3.2(9.3) Maces & Flails
 + Level 0.8 Throwing
 * Level 12.9 Armour
 + Level 3.9 Dodging
 + Level 11.6 Shields
 * Level 13.7 Invocations


You had 15 spell levels left.
You didn't know any spells.

Dungeon Overview and Level Annotations

Branches:
Dungeon (15/15)            Temple (0/1) D:7            Lair (6/6) D:9
  Swamp (1/4) Lair:4       Spider (1/4) Lair:2        Slime (0/5) Lair:5
    Orc (2/2) D:10            Elf (0/3) Orc:2        Vaults (0/5) D:14
 Depths (0/5) D:15

Altars:
Dithmenos
Elyvilon
Fedhas
Gozag
Nemelex Xobeh
The Shining One
Beogh

Shops:
D:9 !   D:10 =   Orc:2 %=((

Annotations:
Spider:1 Asterion
Orc:2 flsc's ghost, journeyman MiBe
Abyss:1 Frances


Innate Abilities, Weirdness & Mutations

Your body is rotting away.
You thrive on raw meat.
You are immune to poison.
You have sharp fingernails.
You are carnivorous and can eat meat at any time.
Your flesh is cold resistant. (rC+)
You are immune to negative energy. (rN+++)
You regenerate slowly when monsters are visible.
You are immune to unholy pain and torment.
You can survive without breathing.


Message History

You are engulfed in flames!!
You block Asterion's attack. Asterion gores you but does no damage.
The balrug gestures at you. Makhleb smites you! Asterion blocks your attack.
Asterion is severely wounded.
You miss the balrug.
Asterion hits you with a morningstar of freezing!
Asterion freezes you.
* * * LOW HITPOINT WARNING * * *
You block Asterion's attack. You block the balrug's attack.
You feel very mighty all of a sudden.
Asterion hits you with a morningstar of freezing.
* * * LOW HITPOINT WARNING * * *
Asterion freezes you.
* * * LOW HITPOINT WARNING * * *
You block Asterion's attack. The balrug gestures at you.
The bolt of fire hits you!
You die...

## ## ##.
##.#
#..####..#
#......##
#.......#
##...###.#
#...##.@##
###^.#2H#
#....##..
#..<###...
#...#
##...
###.. ....
.... #.##.
#.##. ##
## ..# ..


You could see Asterion and a balrug.

Vanquished Creatures
  Gastronok (Orc:1)
  A thorn hunter (Swamp:1)
  A frost giant (IceCv)
  An orc warlord (Orc:2)
  A very ugly thing (Swamp:1)
  A stone giant (Orc:1)
  Nessos (Lair:5)
  3 dire elephants (Lair:6)
  Josephine (Lair:5)
  The ghost of Sarmenti the Brawler, a journeyman TrBe of Trog (D:11)
  Fannar (D:10)
  4 vault guards (D:14)
  An anaconda (Lair:6)
  5 hydras
  3 centaur warriors
  A catoblepas (Lair:5)
  An ogre mage (D:15)
  2 tengu warriors (D:15)
  A death yak (IceCv)
  Urug (Lair:4)
  5 orc high priests (Orc:2)
  Nergalle (Lair:4)
  A wizard (D:15)
  2 hill giants
  An unseen horror (D:15)
  10 orc knights
  2 orc sorcerers
  A manticore (D:12)
  7 ugly things
  A cyclops (D:14)
  15 elephants
  Maurice (D:10)
  An ice statue (IceCv)
  A gargoyle (D:11)
  2 naga magi (D:15)
  4 black mambas
  14 spiny frogs
  An efreet (D:14)
  A kobold demonologist (D:11)
  3 yaktaurs (D:15)
  2 rime drakes
  A freezing wraith (D:15)
  A komodo dragon (Lair:2)
  A redback zombie (D:15)
  An ice devil (Lair:5)
  20 polar bears
  4 trolls
  A tengu conjurer (D:14)
  2 hornets
  4 two-headed ogres
  4 jumping spiders (Lair:2)
  13 blink frogs
  14 hippogriffs
  Grinder (D:5)
  4 dream sheep (Lair:4)
  2 redbacks
  5 wraiths
  6 wyverns
  A shadow (D:15)
  41 yaks
  2 hungry ghosts
  4 basilisks
  A redback simulacrum (D:14)
  5 vampire mosquitoes
  Edmund (D:5)
  3 wargs
  7 insubstantial wisps
  13 water moccasins
  6 porcupines
  3 ice beasts
  A swamp drake (Swamp:1)
  5 sky beasts
  3 black bears
  43 orc warriors
  3 phantoms
  23 wolves
  13 ogres
  8 centaurs
  17 crocodiles
  4 big kobolds
  23 bullfrogs
  A wyvern zombie (D:14)
  A wyvern skeleton (D:14)
  A water moccasin skeleton (D:4)
  7 scorpions
  4 killer bees (D:8)
  8 wights
  A howler monkey (D:7)
  An electric eel (Lair:1)
  5 crimson imps
  5 centaur zombies
  48 orc priests
  4 centaur skeletons
  12 hounds
  5 jellies
  A bullfrog skeleton (D:5)
  Terence (D:3)
  4 iguanas
  35 orc wizards
  7 hell rats (Lair:6)
  11 worker ants
  3 hound zombies
  A hound skeleton (D:9)
  A howler monkey zombie (D:10)
  A worker ant zombie (D:10)
  7 gnolls
  11 adders
  2 shadow imps
  4 oozes
  2 adder skeletons
  2 worms
  3 dart slugs
  4 leopard geckos
  110 orcs
  10 bats
  8 giant cockroaches
  9 goblins
  7 hobgoblins
  15 jackals
  6 quokkas
  A ball python (D:3)
  8 frilled lizards
  A giant cockroach zombie (D:5)
  A goblin zombie (D:5)
  17 kobolds
  A leopard gecko skeleton (D:6)
  2 leopard gecko zombies
  A quokka zombie (D:5)
  11 rats
  2 fungi (Lair:4)
  3 plants
838 creatures vanquished.

Vanquished Creatures (collateral kills)
  An efreet (D:13)
  A two-headed ogre (D:13)
2 creatures vanquished.

Vanquished Creatures (others)
  A fire dragon (Lair:1)
  A hydra (Lair:6)
  An orc high priest (Orc:2)
  2 ugly things (D:14)
  2 black mambas (Lair:1)
  2 elephants (Lair:4)
  An ice devil (Lair:5)
  A jumping spider (Lair:1)
  A redback (Lair:1)
  A vampire mosquito (Lair:4)
  A porcupine (Lair:4)
  An orc warrior (D:7)
  A crocodile (Lair:5)
  3 crimson imps
  A quasit (D:4)
  2 bushes (Lair:6)
  7 fungi
  17 plants
46 creatures vanquished.

Grand Total: 886 creatures vanquished

Notes
Turn   | Place    | Note
-------+----------+-------------------------------------------
     0 | Abyss:1  | Gargoyl the Ghoul Abyssal Knight began the quest for the Orb.
     0 | Abyss:1  | Reached XP level 1. HP: 19/19 MP: 1/1
    53 | Abyss:1  | Noticed a smoke demon
    78 | Abyss:2  | Found a corrupted altar of Lugonu.
   117 | Abyss:2  | Noticed a thrashing horror
   117 | Abyss:2  | Noticed a wretched star
   118 | D:1      | Escaped the Abyss
   358 | D:1      | Reached skill level 1 in Dodging
   359 | D:1      | Reached XP level 2. HP: 24/26 MP: 2/2
   456 | D:1      | Reached * piety under Lugonu
   565 | D:1      | Reached XP level 3. HP: 19/33 MP: 3/3
   949 | D:1      | Reached skill level 1 in Shields
  1268 | D:2      | Reached XP level 4. HP: 34/40 MP: 4/4
  1283 | D:2      | Reached ** piety under Lugonu
  1397 | D:2      | Found a sparkling altar of Nemelex Xobeh.
  2117 | D:3      | Found a faded altar of an unknown god.
  2206 | D:3      | Reached XP level 5. HP: 46/46 MP: 5/5
  2231 | D:3      | Noticed Terence
  2244 | D:3      | Killed Terence
  2329 | D:3      | Found a shadowy altar of Dithmenos.
  2823 | D:4      | Reached *** piety under Lugonu
  2823 | D:4      | Reached XP level 6. HP: 22/52 MP: 7/7
  3885 | D:5      | Entered Level 5 of the Dungeon
  3903 | D:5      | Noticed Edmund
  3905 | D:5      | HP: 2/50 [spatial distortion (2)]
  4193 | D:5      | You fall through a shaft for 3 floors!
  4260 | D:8      | Reached XP level 7. HP: 46/56 MP: 8/8
  4858 | D:5      | Noticed Grinder
  4910 | D:5      | Paralysed by Grinder for 3 turns
  4913 | D:5      | Killed Grinder
  4913 | D:5      | Reached XP level 8. HP: 35/67 MP: 10/10
  5034 | D:5      | Killed Edmund
  5034 | D:5      | Reached skill level 5 in Armour
  5099 | D:5      | Reached skill level 5 in Fighting
  5136 | D:5      | Found an opulent altar of Gozag.
  5226 | D:5      | Reached skill level 1 in Maces & Flails
  5682 | D:6      | Reached skill level 5 in Invocations
  5936 | D:6      | Reached XP level 9. HP: 73/73 MP: 11/11
  6197 | D:6      | Reached skill level 5 in Axes
  6439 | D:6      | Reached **** piety under Lugonu
  6830 | D:7      | Reached skill level 5 in Shields
  7344 | D:7      | Found a staircase to the Ecumenical Temple.
  8331 | D:8      | Found a glowing golden altar of the Shining One.
  8549 | D:8      | Reached XP level 10. HP: 74/80 MP: 13/13
  8665 | D:9      | Found a staircase to the Lair.
  9147 | D:9      | Found Umpu's Distillery.
  9164 | D:9      | Got a twisted long sword
  9166 | D:9      | Identified the +4 long sword "Wuloc" {slice, rElec rPois} (You found it on level 9 of the Dungeon)
  9188 | D:9      | Bought a potion of heal wounds for 60 gold pieces
  9548 | D:9      | Got a brightly glowing whip
  9549 | D:9      | Identified the cursed +0 whip of the Vulture {freeze, rElec rN+++ Int-2} (You found it on level 9 of the Dungeon)
  9745 | Lair:1   | Entered Level 1 of the Lair of Beasts
  9750 | Lair:1   | Noticed a spiny frog
  9758 | Lair:1   | Killed a spiny frog
  9812 | Lair:1   | Noticed a black mamba
  9813 | Lair:1   | Noticed a black mamba
  9822 | Lair:1   | Banished a black mamba
  9823 | Lair:1   | Banished a black mamba
 10248 | Lair:1   | Noticed a black mamba
 10259 | Lair:1   | Killed a black mamba
 10485 | Lair:1   | Noticed a spiny frog
 10485 | Lair:1   | Noticed a spiny frog
 10495 | Lair:1   | Killed a spiny frog
 10501 | Lair:1   | Killed a spiny frog
 10542 | Lair:1   | Noticed a spiny frog
 10560 | Lair:1   | Reached XP level 11. HP: 70/91 MP: 15/15
 11069 | Lair:1   | Noticed a fire dragon
 11101 | Lair:1   | Banished a fire dragon
 12347 | Lair:2   | Found a hole to the Spider Nest.
 12664 | Lair:2   | Found a white marble altar of Elyvilon.
 13224 | Lair:3   | Noticed a six-headed hydra
 13236 | Lair:3   | Killed a one-headed hydra
 13236 | Lair:3   | Reached XP level 12. HP: 90/100 MP: 17/17
 13255 | Lair:3   | Noticed a four-headed hydra
 13261 | Lair:3   | Killed a one-headed hydra
 13926 | Lair:3   | Noticed a four-headed hydra
 13936 | Lair:3   | Killed a one-headed hydra
 14029 | Lair:4   | Noticed an eight-headed hydra
 14048 | Lair:3   | Killed a one-headed hydra
 14107 | Lair:3   | Reached skill level 10 in Armour
 14296 | Lair:4   | Noticed Urug
 14312 | Lair:4   | Killed Urug
 14355 | Lair:4   | Reached skill level 10 in Invocations
 14428 | Lair:4   | Noticed Nergalle
 14453 | Lair:4   | Killed Nergalle
 14453 | Lair:4   | Reached XP level 13. HP: 60/108 MP: 19/19
 14493 | Lair:4   | Found a staircase to the Swamp.
 15282 | Lair:5   | Found a frozen archway.
 15377 | IceCv    | Entered an ice cave
 15452 | IceCv    | Reached skill level 10 in Axes
 15550 | IceCv    | Reached ***** piety under Lugonu
 16021 | IceCv    | Noticed a frost giant
 16039 | IceCv    | Killed a frost giant
 16143 | IceCv    | Got a scorched battleaxe
 16145 | IceCv    | Identified the +6 battleaxe of Dullness {freeze, rElec rN++ Int-3 Dex+4} (You found it in an ice cave)
 16587 | Lair:5   | Reached XP level 14. HP: 108/118 MP: 21/21
 16792 | Lair:5   | Got a scorched mace
 16794 | Lair:5   | Identified the +5 mace of Bankruptcy {crush, rPois Str+4 Int+7} (You found it on level 5 of the Lair of Beasts)
 16818 | Lair:5   | Found a staircase to the Slime Pits.
 17340 | Lair:6   | Entered Level 6 of the Lair of Beasts
 17340 | Lair:6   | Noticed Nessos
 17394 | Lair:6   | Noticed Josephine
 17523 | Lair:5   | Killed Nessos
 17571 | Lair:5   | Killed Josephine
 17725 | Lair:6   | Reached skill level 10 in Shields
 17856 | Lair:6   | Identified Toyp's Almanac of Dusty Malediction
 18223 | Lair:6   | Reached ****** piety under Lugonu
 19013 | Lair:6   | Noticed a dire elephant
 19013 | Lair:6   | Noticed a dire elephant
 19016 | Lair:6   | Noticed a dire elephant
 19036 | Lair:6   | Noticed a dire elephant
 19038 | Lair:6   | Noticed a dire elephant
 19131 | Lair:6   | Banished a dire elephant
 19140 | Lair:6   | Killed a dire elephant
 19150 | Lair:6   | Banished a dire elephant
 19371 | Lair:6   | Banished a dire elephant
 19379 | Lair:6   | Killed a dire elephant
 19493 | Lair:6   | Got a faintly glowing bone amulet
 19518 | Lair:6   | Noticed a dire elephant
 19529 | Lair:6   | Killed a dire elephant
 19714 | D:10     | Entered Level 10 of the Dungeon
 19786 | D:10     | Noticed Maurice
 19799 | D:10     | Reached skill level 10 in Fighting
 19809 | D:10     | Killed Maurice
 19981 | D:10     | Found Giemyuqa's Jewellery Boutique.
 19990 | D:10     | Found a staircase to the Orcish Mines.
 20007 | D:10     | Identified the amulet "Illuzaxu" {Inacc rPois rC+ MP-9 Int+3} (You found it on level 6 of the Lair of Beasts)
 20024 | D:10     | Found a roughly hewn altar of Beogh.
 20061 | D:10     | Got a warped iron ring
 20062 | D:10     | Identified the ring "Giur" {Wiz rElec Dex+3} (You found it on level 10 of the Dungeon)
 20261 | D:11     | Found a blossoming altar of Fedhas.
 20534 | D:11     | Noticed Sarmenti's ghost (journeyman TrBe)
 20564 | D:11     | Killed Sarmenti's ghost
 21191 | D:12     | Reached XP level 15. HP: 126/126 MP: 23/23
 21235 | D:12     | Got a bound iron ring
 21237 | D:12     | Identified the ring "Obailoa" {+Blink +Inv rN+ MR++ Int-2} (You found it on level 12 of the Dungeon)
 22056 | D:13     | Found a blossoming altar of Fedhas.
 22538 | D:14     | Found a gate to the Vaults.
 22756 | D:14     | Noticed Frances
 22781 | D:14     | Banished Frances
 23284 | D:15     | Entered Level 15 of the Dungeon
 24120 | D:15     | Paralysed by an orc sorcerer for 5 turns
 24198 | D:15     | Found a staircase to the Depths.
 24586 | Orc:1    | Entered Level 1 of the Orcish Mines
 24586 | Orc:1    | Noticed Fannar
 24607 | D:10     | Killed Fannar
 24838 | Orc:2    | Entered Level 2 of the Orcish Mines
 25058 | Orc:1    | Noticed Gastronok
 25077 | Orc:1    | Killed Gastronok
 25289 | Orc:2    | Reached XP level 16. HP: 131/135 MP: 24/24
 25341 | Orc:2    | Found Xydgh's General Store.
 25689 | Orc:2    | Found a staircase to the Elven Halls.
 25723 | Orc:2    | Found a roughly hewn altar of Beogh.
 26042 | Orc:2    | Noticed flsc's ghost (journeyman MiBe)
 26777 | Orc:2    | HP: 6/137 [orc warrior/mace (27)]
 27094 | Orc:2    | Found Deuwegh's Weapon Boutique.
 27097 | Orc:2    | Found Jount's Jewellery Boutique.
 27098 | Orc:2    | Found Jireigin's Food Boutique.
 27099 | Orc:2    | Found Begar's Antique Weapon Shop.
 27110 | Orc:2    | Bought a +5 ring of strength for 494 gold pieces
 27331 | Swamp:1  | Entered Level 1 of the Swamp
 27398 | Swamp:1  | Noticed a thorn hunter
 27416 | Swamp:1  | Killed a thorn hunter
 27751 | Spider:1 | Entered Level 1 of the Spider Nest
 27761 | Spider:1 | Noticed Asterion
 27772 | Spider:1 | Killed from afar by a balrug

Skill      XL: |  1  2  3  4  5  6  7  8  9 10 11 12 13 14 15 16 |
---------------+-------------------------------------------------+-----
Dodging        | 1 2 3 |  3.9
Armour         | 2 3 4 5 7 8 9 10 11 12 | 12.9
Axes           | 2 3 4 5 6 8 9 10 11 12 13 | 13.1
Shields        | 1 2 3 4 5 6 7 8 9 10 11 | 11.6
Fighting       | 4 5 6 7 8 9 10 11 | 11.1
Invocations    | 3 4 5 6 7 9 10 11 12 13 | 13.7
Maces & Flails | 1 3 |  3.2
Throwing       | |  0.8

Action                   |  1- 3 |  4- 6 |  7- 9 | 10-12 | 13-15 | 16-18 || total
-------------------------+-------+-------+-------+-------+-------+-------++-------
Melee: Hand axe          |   135 |   273 |   302 |       |       |       ||   710
       Whip              |       |       |   346 |     7 |       |       ||   353
       War axe           |       |       |    46 |   163 |   369 |       ||   578
       Broad axe         |       |       |       |   600 |  1596 |   473 ||  2669
Throw: Javelin           |       |       |       |    13 |     4 |       ||    17
Invok: Depart the Abyss  |     1 |       |       |       |       |       ||     1
       Banish            |       |     1 |     5 |     7 |    17 |     4 ||    34
       Bend Space        |       |     1 |     2 |     1 |     1 |     2 ||     7
Evoke: Wand              |       |       |       |     3 |       |       ||     3
  Use: Scroll            |     4 |     4 |    14 |    14 |    19 |     4 ||    59
       Potion            |       |     1 |     2 |     7 |    15 |     4 ||    29
  Eat: Chunk             |    10 |    18 |    60 |   139 |   255 |    95 ||   577
       Meat ration       |       |       |       |       |     1 |       ||     1
Armor: Plate armour      |   148 |   246 |   467 |   168 |       |       ||  1029
       Chain mail        |       |       |       |   506 |  1148 |   153 ||  1807
Dodge: Dodged            |     6 |     5 |    24 |   201 |   406 |    84 ||   726
Block: Large shield      |    98 |   241 |   455 |   973 |  2033 |   446 ||  4246
